Unix NetHack Version 5.0.0-0 post-release - last build May  4 2026 22:22:43 (774f63e81ad911689b3a0859ea89b322d5daca8d,branch:main).

Game began 2026-05-10 17:11:13, ended 2026-05-10 17:51:39.

Ackbladder, neutral female gnomish Wizard

                                                  -------
                                                  |.....|
                                                  |.....|
                                                  |<....|            ----...-
                                                  ......|            |......|
                                                  |......####%##     |......|
                                                  -.....|      %%####-.......
                                                  -------           #|^.>....
                                                                    #.......|
                                                                  ###.......|
                                               #                  ###..---.--
                                              #u                  #  *`
                                              ##@######           # ##
                                                     #######    # #   *
                                                     #---.----- # *
                                                    ##|..*....| ###
                                                      |........ #
                                                      |.......-##
                                                      ---------

Ackbladder the Thaumaturge  St:11 Dx:15 Co:16 In:19 Wi:12 Ch:9  Neutral
Dlvl:6  $:136 HP:0(46) Pw:38(61) AC:7  Xp:7 T:6344  Burdened

Latest messages:
 You hit the kitten!
 The kitten bites!
 The housecat misses the kitten.
 You miss the kitten.
 The kitten bites!
 The housecat bites the kitten.
 The kitten is killed!
 Your housecat eats a kitten corpse.
 You see here a scroll of remove curse.
 You learn more about your items by comparing them.
 You have a little trouble lifting m - an uncursed scroll of remove curse (2 in total).
 The housecat misses the rock mole.
 The housecat misses the rock mole.
 The housecat bites the rock mole.
 The housecat misses the rock mole.
 The housecat misses the rock mole.
 The housecat misses the rock mole.
 The housecat bites the rock mole.
 The rock mole is killed!
 Your housecat eats a rock mole corpse.
 In what direction? 6
 The spell misses the iron piercer.
 You have a little trouble lifting J - a fortune cookie.
 You swap places with your housecat.
 The housecat picks up a rock.
 You miss the iron piercer.
 The iron piercer bites!
 You miss the iron piercer.
 The housecat drops a rock.
 The housecat picks up a rock.
 The housecat drops a rock.
 The housecat picks up a rock.
 In what direction? 6
 The spell hits the iron piercer!
 The housecat drops a rock.
 In what direction? 6
 The spell hits the iron piercer!
 You kill the iron piercer!
 The housecat picks up a rock.
 You swap places with your housecat.
 The housecat drops a rock.
 You see here a skeleton key.
 You have a little trouble lifting R - a skeleton key.
 You swap places with your housecat.
 The black unicorn butts!
 The black unicorn kicks!
 The black unicorn butts!
 You die...
 Do you want your possessions identified? [ynq] (y) y
 Do you want to see your attributes? [ynq] (y) q

Inventory:
 Coins    ('$')
  $ - 136 gold pieces
 Amulets  ('"')
  Q - an uncursed amulet of guarding (being worn)
 Weapons  (')')
  P - a +1 elven dagger
  w - the rustproof +1 Magicbane (weapon in right hand)
  a - a blessed +1 quarterstaff
 Armor    ('[')
  b - an uncursed +0 cloak of magic resistance (being worn)
 Comestibles  ('%')
  q - 2 uncursed food rations
  J - an uncursed fortune cookie
  A - an uncursed tripe ration
 Scrolls  ('?')
  V - an uncursed scroll of charging
  k - 3 uncursed scrolls of create monster
  O - an uncursed scroll of identify
  v - a cursed scroll of identify
  i - 2 uncursed scrolls of light
  U - an uncursed scroll of magic mapping
  o - an uncursed scroll of punishment
  m - 2 uncursed scrolls of remove curse
  j - an uncursed scroll of taming
 Potions  ('!')
  f - 2 uncursed potions of gain energy
  K - 2 uncursed potions of healing
  N - an uncursed potion of object detection
  x - an uncursed potion of polymorph
  I - a potion of holy water
  g - an uncursed potion of water
  h - an uncursed potion of water
 Rings    ('=')
  d - an uncursed ring of polymorph control
  e - an uncursed ring of stealth (on right hand)
 Wands    ('/')
  E - a blessed wand of light (0:11)
  p - a wand of locking (0:4)
  l - a blessed wand of probing (0:5)
  y - a wand of speed monster (0:6)
 Tools    ('(')
  s - an uncursed oilskin sack containing 6 items
  z - an empty uncursed sack
  G - a bag of tricks (0:12)
  r - an uncursed lock pick
  X - a blessed magic lamp (lit)
  Y - a magic marker (0:98)
  Z - a magic marker (0:65)
  n - a magic marker (0:22)
  D - an uncursed magic whistle
  L - an uncursed magic whistle
  B - an uncursed skeleton key
  M - an uncursed skeleton key
  R - an uncursed skeleton key
  c - an uncursed stethoscope
  u - an uncursed tin opener
  H - an uncursed tin opener
  S - an uncursed tin opener
  F - an uncursed tin whistle
 Gems/Stones  ('*')
  t - an uncursed opal

Contents of the oilskin sack:
  169 gold pieces
  an uncursed spellbook of create monster
  an uncursed spellbook of fireball
  a blessed spellbook of force bolt
  an uncursed spellbook of identify
  an uncursed spellbook of protection

Ackbladder the Wizard's attributes:

Background:
 You were a Thaumaturge, a level 7 female gnomish Wizard.
 You were neutral, on a mission for Thoth
 who was opposed by Ptah (lawful) and Anhur (chaotic).
 You were right-handed.
 You were in the Dungeons of Doom, on level 6.
 You entered the dungeon 6344 turns ago.
 You had 737 experience points, 543 more were needed to attain level 8.

Basics:
 You had 0 out of 46 hit points.
 You had 38 out of 61 energy points (spell power).
 Your armor class was 7.
 Your wallet contained 136 zorkmids, and
 you had 169 more stashed away in your pack.
 Autopickup was off.

Final Characteristics:
 Your strength was 11 (limit:18/50).
 Your dexterity was 15 (limit:18).
 Your constitution was 16 (limit:18).
 Your intelligence was 19 (limit:19).
 Your wisdom was 12 (limit:18).
 Your charisma was 9 (limit:18).

Final Status:
 You weren't hungry.
 You were burdened; movement was slightly slowed.
 You were wielding a dagger.
 You had basic skill with dagger.

Final Attributes:
 You were devoutly aligned.
 You were magic-protected.
 You had infravision.
 You were stealthy.
 You had a small defense bonus (+2).
 You were protected.
 You were unlucky.
 You are dead.

Miscellaneous:
 You didn't encounter any bones levels.
 Total elapsed playing time was 40 minutes and 26 seconds.

Major events:
 Turn
    1: Ackbladder the neutral female gnomish Wizard entered the dungeon
 1390: entered the Gnomish Mines
 2020: attained the rank of Conjurer (level 3)
 4101: was bestowed with Magicbane by Thoth
 4986: attained the rank of Thaumaturge (level 6)
 6344: killed by a black unicorn

Spells:
 Name                 Level Category     Fail Retention
 force bolt             1   attack         0%   61%-70%
 protection             1   clerical       0%   51%-75%
 identify               3   divination     0%   71%-80%
 create monster         2   clerical      37%  76%-100%
 fireball               4   attack        56%  91%-100%

Skills:
 Fighting Skills
   bare handed combat [Unskilled]
   riding             [Unskilled]
 Weapon Skills
   dagger             [Basic]
   knife              [Unskilled]
   axe                [Unskilled]
   short sword        [Unskilled]
   club               [Unskilled]
   mace               [Unskilled]
   quarterstaff       [Basic]
   polearms           [Unskilled]
   spear              [Unskilled]
   trident            [Unskilled]
   sling              [Unskilled]
   dart               [Unskilled]
   shuriken           [Unskilled]
 Spellcasting Skills
   attack spells      [Basic]
   healing spells     [Unskilled]
   divination spells  [Basic]
   enchantment spells [Basic]
   clerical spells    [Unskilled]
   escape spells      [Unskilled]
   matter spells      [Unskilled]

Voluntary challenges:
 Character rerolling was not enabled.
 You never genocided any monsters.
 You never polymorphed an object.
 You never changed form.
 You used no wishes.
Achievements:
 You entered a shop.
 You entered the Gnomish Mines.
 You attained the rank of Conjurer.
 You attained the rank of Thaumaturge.

 The Dungeons of Doom: levels 1 to 7
    Level 1:
       A fountain.
    Level 2:
       A tool shop, an altar to Thoth, a fountain.
    Level 3:
       A general store, some fountains.
       Stairs down to The Gnomish Mines.
    Level 4:
       A tool shop.
    Level 5:
       Many fountains.
    Level 6: <- You were here.
       Final resting place for
          you, killed by a black unicorn.
    Level 7:
 The Gnomish Mines:
    Level 4:


Vanquished creatures:
  2 small mimics
  a leprechaun
 an iron piercer
  a mountain nymph
  a rock mole
  2 shriekers
  a floating eye
  2 kittens
  2 kobold leaders
  2 rothes
  a rabid rat
  a giant bat
  4 orc zombies
  8 iguanas
  8 killer bees
  2 acid blobs
  9 coyotes
  a gas spore
  3 hobbits
  a manes
  a large kobold
  3 hobgoblins
  5 giant rats
  a cave spider
  5 brown molds
  2 yellow molds
  a green mold
  a red mold
  6 geckos
 10 jackals
  2 foxes
  2 goblins
  2 sewer rats
 11 grid bugs
  2 bats
 10 lichens
  2 kobold zombies
 13 newts
132 creatures vanquished.

No species were genocided or became extinct.

Game over:
                       ----------
                      /          \
                     /    REST    \
                    /      IN      \
                   /     PEACE      \
                  /                  \
                  |    Ackbladder    |
                  |      305 Au      |
                  |   killed by a    |
                  |  black unicorn   |
                  |                  |
                  |                  |
                  |       2026       |
                 *|     *  *  *      | *
        _________)/\\_//(\/(/\)/\//\/|_)_______

Goodbye Ackbladder the Wizard...

You died in The Dungeons of Doom on dungeon level 6 with 3533 points,
and 305 pieces of gold, after 6344 moves.
You were level 7 with a maximum of 46 hit points when you died.

